AoeStats
← Poussin

Migration

504182120Analyzed
1v1 RM · 28d ago on Sep 4, 2026· 45m 21s· 2 players
Game mode
Random Map
Map size
132×132
Population
200
Speed
Normal
Resources
Standard
Victory
Conquest
Starting age
Dark Age
Ending age
Imperial Age
RankedLock teamsTeams togetherTeam positionsShared explorationLock speedFull tech treeHidden civsTurbo modeCheats
Victory
Defeat
🇫🇷 Hindustanis · France
615
+11
🇷🇺 Lithuanians · Russia
500
-11
Dampir
10:13 Feudal Age
11:15 Double-Bit Axe
13:19 Fishing Lines
19:23 Castle Age
17:16 Horse Collar
19:19 Gold Mining
19:20 Stone Mining
20:00 Gillnets
20:50 Heavy Plow
23:19 Bow Saw
26:09 Crossbowman
27:03 Forging
27:43 Thumb Ring
29:02 Wheelbarrow
30:29 Fletching
30:41 Padded Archer Armor
31:17 Iron Casting
32:23 Hand Cart
33:27 Stone Shaft Mining
34:22 Pikeman
35:03 Squires
35:01 Bodkin Arrow
36:49 Ballistics
41:09 Leather Archer Armor
43:50 Imperial Age
41:38 Light Cavalry
42:23 Husbandry
42:33 Scale Barding Armor
44:26 Capped Ram
Poussin
5:24 Loom
12:57 Feudal Age
13:37 Double-Bit Axe
14:41 Horse Collar
16:33 Wheelbarrow
15:50 Fishing Lines
17:42 Gold Mining
19:06 Stone Mining
25:11 Castle Age
25:32 Arson
25:08 Man-at-Arms
26:08 Forging
25:58 Scale Mail Armor
27:33 Iron Casting
27:13 Long Swordsman
28:05 Heavy Plow
28:16 Bow Saw
28:42 Gold Shaft Mining
28:43 Stone Shaft Mining
29:39 Chain Mail Armor
30:41 Hand Cart
30:13 Town Watch
31:13 Squires
34:28 Husbandry
40:40 Imperial Age
39:30 Scale Barding Armor
39:39 Bloodlines
39:55 Grand Trunk Road
42:20 Ballistics
42:13 Clinker Construction
42:15 Careening
42:55 Medium Warships
42:06 Demolition Ship
42:37 Gillnets
42:40 Two-Handed Swordsman
44:22 Blast Furnace
45:26 Sanctity
45:17 Fervor
Connection lost

Rejoining the realm…

Still unreachable

The connection could not be restored.

Session expired

The server has moved on; the page needs a fresh start.